Map: Golden Wall LE

Players

Liquidthermy (uThermal)

  • Race: Terran Terran
  • Spawn Location: 7:00

INnoVation - Winner!

  • Race: Terran Terran
  • Spawn Location: 5:00

Event: StayAtHomestory Cup #2

VOD

Have the link to the VOD?

Description

Time

  • Played on: June 12, 2020, 8:49 a.m.
  • Length: 8:43

All games in this series

Show
View Real Time Build Order
Export as new Build Order

Liquidthermy Terran 

Build Orders: Gas First Reaper Expand, Hellion Opening 

Get SALT Encoding   

  12  0:01  SCV  
  13  0:13  SCV  
  14  0:17  Supply Depot  
  14  0:25  SCV  
  14  0:28  Refinery  
  15  0:39  SCV  
  16  0:45  Barracks  
  16  0:51  SCV  
  17  1:03  SCV  
  18  1:15  SCV  
  19  1:32  Orbital Command, Reaper  
  20  1:43  Command Center  
  20  1:54  Factory  
  20  1:58  SCV  
  21  2:05  Barracks Reactor  
  21  2:10  SCV  
  21  2:14  Supply Depot  
  22  2:23  SCV  
  22  2:24  Refinery  
  23  2:36  SCV  
  24  2:42  Starport  
  24  2:48  SCV, Hellion  
  24  2:49  Hellion  
  29  2:55  Orbital Command  
  29  3:00  SCV  
  29  3:02  Barracks Tech Lab  
  30  3:10  Hellion  
  30  3:12  Hellion  
  34  3:13  SCV  
  35  3:20  Refinery  
  35  3:21  SCV  
  35  3:25  SCV  
  37  3:28  Raven  
  37  3:32  Hellion  
  41  3:36  Hellion  
  41  3:38  SCV  
  41  3:40  SCV  
  45  3:45  Supply Depot  
  45  3:47  Barracks Tech Lab  
  45  3:51  SCV  
  45  3:55  Supply Depot  
  46  4:06  SCV x2  
  46  4:09  Cyclone  
  51  4:14  Raven  
  51  4:15  Marine  
  51  4:16  Marine  
  55  4:18  SCV x2  
  55  4:30  SCV x2  
  53  4:33  Marine  
  53  4:34  Marine  
  53  4:42  SCV, Cyclone  
  55  4:46  SCV  
  52  4:55  SCV  
  52  4:58  Marine x2  
  53  5:02  SCV  
  53  5:07  SCV  
  55  5:16  SCV  
  55  5:19  SCV  
  57  5:22  Raven  
  57  5:23  Marine x2  
  57  5:27  Supply Depot  
  62  5:28  SCV  
  62  5:33  Engineering Bay  
  62  5:42  Supply Depot  
  62  5:43  Marine  
  62  5:44  Marine  
  62  5:45  SCV  
  62  5:46  SCV  
  62  5:48  Cyclone  
  65  5:57  SCV  
  65  5:58  SCV  
  65  6:01  Marine  
  65  6:02  Missile Turret  
  65  6:03  Missile Turret  
  65  6:04  Marine  
  69  6:05  Raven  
  69  6:09  SCV  
  69  6:10  SCV  
  72  6:14  Supply Depot  
  72  6:19  Marine  
  72  6:21  SCV, Marine  
  72  6:23  SCV  
  72  6:24  Siege Tank  
  72  6:36  SCV  
  73  6:40  Command Center  
  73  6:47  Marine  
  73  6:48  Raven  
  73  6:52  SCV  
  74  6:54  SCV  
  74  6:59  Cyclone, Marine  
  78  7:04  SCV, Refinery  
  78  7:07  SCV  
  80  7:08  Marine  
  81  7:16  SCV  
  81  7:18  Supply Depot  
  81  7:19  SCV  
  81  7:20  Marine  
  84  7:26  Marine  
  84  7:28  SCV  
  86  7:33  Supply Depot  
  86  7:34  Supply Depot  
  86  7:39  Raven, Marine  
  86  7:40  SCV  
  86  7:42  SCV  
  91  7:45  Siege Tank  
  94  7:54  SCV x2  
  94  7:55  Supply Depot  
  98  8:03  Factory  
  98  8:04  Factory  
  96  8:06  SCV x2  
  98  8:19  SCV x2, Barracks Reactor  
  101  8:31  SCV x2  
  101  8:32  Starport Reactor  
Show
View Real Time Build Order
Export as new Build Order

INnoVation Terran - Winner!

Build Orders: 1/1/1, Banshee Rush 

Get SALT Encoding   

  12  0:00  SCV  
  13  0:12  SCV  
  14  0:17  Supply Depot  
  14  0:25  SCV  
  15  0:39  SCV  
  15  0:40  Barracks  
  16  0:43  Refinery  
  16  0:51  SCV  
  16  0:52  Refinery  
  17  1:03  SCV  
  18  1:15  SCV  
  19  1:27  Orbital Command  
  19  1:30  Factory  
  19  1:34  Marine  
  20  1:44  Supply Depot  
  20  1:52  Barracks Tech Lab  
  20  1:54  SCV  
  21  2:06  SCV  
  22  2:14  Hellion  
  22  2:15  Starport  
  24  2:18  SCV  
  25  2:37  SCV  
  25  2:41  Command Center  
  26  2:51  Banshee  
  26  2:54  Cloaking Field  
  26  2:57  SCV  
  30  3:03  Supply Depot  
  30  3:06  Barracks Reactor  
  30  3:08  Factory Tech Lab  
  30  3:11  SCV  
  31  3:24  SCV  
  31  3:26  Supply Depot  
  32  3:32  Refinery  
  32  3:34  Banshee  
  32  3:36  SCV  
  36  3:42  Cyclone  
  36  3:47  Marine x2  
  41  3:54  Orbital Command  
  41  3:57  SCV  
  42  4:08  Marine  
  41  4:14  Siege Tank  
  44  4:18  Banshee  
  46  4:24  Marine  
  46  4:26  Marine  
  46  4:30  SCV x2  
  50  4:48  SCV x2  
  50  4:49  Siege Tank  
  50  4:52  Marine x2  
  53  5:01  Banshee  
  53  5:04  SCV  
  53  5:06  SCV  
  58  5:12  Marine x2  
  60  5:15  Supply Depot  
  60  5:18  SCV  
  60  5:19  SCV  
  62  5:23  Supply Depot  
  62  5:36  SCV x2, Siege Tank, Marine x2  
  62  5:38  Supply Depot  
  69  5:45  Raven  
  69  5:48  SCV  
  69  5:49  SCV  
  73  5:54  Marine x2  
  75  5:58  Supply Depot  
  75  6:01  SCV x2  
  77  6:06  Command Center  
  77  6:10  Siege Tank  
  80  6:13  SCV  
  80  6:14  SCV  
  80  6:15  Refinery  
  67  6:26  SCV x2  
  63  6:38  SCV x2, Marine, Viking x2  
  70  6:42  Siege Tank  
  70  6:45  Barracks  
  73  6:50  SCV x2  
  73  6:51  Barracks  
  75  6:57  Marine, Stimpack  
  70  7:02  SCV x2  
  70  7:08  Viking x2  
  76  7:09  Engineering Bay x2  
  76  7:15  Siege Tank  
  76  7:20  SCV, Orbital Command  
  76  7:21  SCV  
  81  7:23  Marine  
  81  7:27  Supply Depot  
  82  7:34  SCV x2  
  82  7:35  Barracks  
  83  7:39  Barracks  
  83  7:42  Barracks Reactor x2  
  83  7:46  SCV  
  83  7:47  SCV  
  83  7:48  Siege Tank  
  88  7:53  Viking, Marine, Supply Depot  
  88  7:54  Viking  
  93  8:03  Supply Depot  
  93  8:06  SCV x2  
  93  8:10  Marine  
  96  8:12  Orbital Command  
  96  8:15  Supply Depot  
  96  8:18  Missile Turret  
  96  8:19  Missile Turret, Marine x4  
  100  8:22  SCV  
  103  8:36  Barracks Reactor x2  
  103  8:38  Barracks Tech Lab x2  
Tags
 
Add a new tag
Caveats
  • Supply blocks, unpowered buildings, or Contaminate may cause inaccurate times.
  • Supply counts are checked every 10 seconds.